 Dungeon Crawl Stone Soup version 0.31-a0-983-g7b6862f502 (webtiles) character file.

Game seed: 15940290712056098254

44 billz999 the Sneak (level 3, 0/21 HPs)
             Began as an Octopode Earth Elementalist on Nov 2, 2023.
             Slain by a kobold
             ... wielding a +0 whip
              (6 damage)
             ... on level 2 of the Dungeon.
             The game lasted 00:02:51 (1264 turns).

billz999 the Sneak (Octopode Earth Elementalist)    Turns: 1264, Time: 00:02:52

Health: 0/21       AC:  1    Str:  7    XL:     3   Next: 62%
Magic:  2/6        EV: 13    Int: 19    God:
Gold:   88         SH:  0    Dex: 12    Spells: 5/6 levels left

rFire   . . .        f - +0 arbalest
rCold   . . .        (shield currently unavailable)
rNeg    . . .        (helmet restricted)
rPois   .            (no amulet)
rElec   .            (no ring)
rCorr   .            (no ring)
SInv    .            (no ring)
Will    .....        (no ring)
Stlth   ++++         (no ring)
HPRegen 0.23/turn    (no ring)
MPRegen 0.10/turn    (no ring)
                     (no ring)

%: no passive effects
@: no status effects
A: almost no armour, amphibious, 8 rings, camouflage 1, gelatinous body 1,
(nimble swimmer 1), tentacles, MP-powered wands
a: no special abilities


You were on level 2 of the Dungeon.
You visited 1 branch of the dungeon, and saw 2 of its levels.

You collected 88 gold pieces.

Inventory:

Hand Weapons
 f - a +0 arbalest (weapon)
Scrolls
 b - a scroll of silence {unknown}
 c - 3 scrolls of identify {unknown}
 d - a scroll of teleportation {unknown}


   Skills:
 - Level 2.0 Dodging
 + Level 4.8 Stealth
 - Level 2.0 Spellcasting
 - Level 2.0 Transmutations
 - Level 3.0 Earth Magic


You had 5 spell levels left.
You knew the following spells:

 Your Spells              Type           Power      Damage    Failure   Level
a - Sandblast             Erth           26%        2d8       4%          1

Your spell library contained the following spells:

 Spells                   Type           Power      Damage    Failure   Level
 Passwall                 Tmut/Erth      9%         N/A       9%          2
 Wereblood                Tmut           9%         N/A       11%         2
 Cigotuvi's Dreadful Rot  Necr/Pois/Air  2%         N/A       26%         2
 Sublimation of Blood     Necr           1%         N/A       26%         2
 Stone Arrow              Conj/Erth      14%        3d7       26%         3
 Ignite Poison            Fire/Tmut/Pois 4%         N/A       36%         3
 Inner Flame              Hex/Fire       1%         N/A       45%         3
 Petrify                  Tmut/Erth      11%        N/A       52%         4
 Brom's Barrelling Bould  Conj/Erth      7%         2d3       65%         4
 Yara's Violent Unravell  Hex/Tmut       2%         3d3       97%         5
 Freezing Cloud           Conj/Ice/Air   0%         6-21      99%         5
 Enfeeble                 Hex            0%         N/A       100%        7
 Summon Hydra             Summ           0%         N/A       100%        7


Dungeon Overview and Level Annotations

Branches:
Dungeon (2/15)

Altars:


Innate Abilities, Weirdness & Mutations

You cannot wear most types of armour.
You are amphibious.
You can wear up to eight rings at the same time.
Your skin changes colour to match your surroundings (Stealth+).
Your rubbery body absorbs attacks. (AC +1, EV +1)
((You are camouflaged when in or above water. (Stealth+)))
You have tentacles for arms and can constrict up to eight enemies at once.
You expend magic power (3 MP) to strengthen your wands.


Message History

It was a potion of mutation.
You feel extremely strange.
You feel your magical essence link to the dungeon's wands.
The kobold closely misses you.
You aren't carrying any items that you can evoke.
Unknown command.
Magic courses through your body. The kobold barely misses you.
Casting: Sandblast (safe; 4% risk of failure)
Confirm with . or Enter, or press ? or * to list all spells.
Aiming: Sandblast (safe; 4% risk of failure)
Press: ? - help, Shift-Dir - straight line, f/p - kobold
Aim: a kobold, wielding a +0 whip, wearing a +0 chain mail and quivering stones (severely wounded, 82% to hit)
The blast of sand hits the kobold but does no damage.
The kobold is severely wounded.
The kobold closely misses you.
You aren't carrying any items that you can evoke.
Casting: Sandblast (safe; 4% risk of failure)
Confirm with . or Enter, or press ? or * to list all spells.
Aiming: Sandblast (safe; 4% risk of failure)
Press: ? - help, Shift-Dir - straight line, f/p - kobold
Aim: a kobold, wielding a +0 whip, wearing a +0 chain mail and quivering stones (severely wounded, 82% to hit)
The blast of sand hits the kobold but does no damage.
The kobold is severely wounded.
The kobold misses you. x2
Casting: Sandblast (safe; 4% risk of failure)
Confirm with . or Enter, or press ? or * to list all spells.
Aiming: Sandblast (safe; 4% risk of failure)
Press: ? - help, Shift-Dir - straight line, f/p - kobold
Aim: a kobold, wielding a +0 whip, wearing a +0 chain mail and quivering stones (severely wounded, 82% to hit)
The blast of sand hits the kobold but does no damage.
The kobold is severely wounded.
The kobold barely misses you.
Casting: Sandblast (safe; 4% risk of failure)
Confirm with . or Enter, or press ? or * to list all spells.
Aiming: Sandblast (safe; 4% risk of failure)
Press: ? - help, Shift-Dir - straight line, f/p - kobold
Aim: a kobold, wielding a +0 whip, wearing a +0 chain mail and quivering stones (severely wounded, 82% to hit)
The blast of sand hits the kobold but does no damage.
The kobold is severely wounded.
The kobold hits you with a +0 whip.
You die...

#.P~~~P≈≈≈~♣♣♣P~~~.~
#.♣~~~~≈~♣♣♣♣♣♣~P~.
#.~~~~~P~♣ ♣~♣♣~~~
#.♣P~~~~~♣♣..~♣~~
#[#♣~~~♣♣~....~~≈
#.#.♣~~##......~~
#.#.#~###......P~
#.....###K####.~~
#.......@.# ~
##..####### #..#
#..# #..# #..# #...
##.#


You could see a kobold.

Vanquished Creatures
  A worm (D:2)
  A dart slug (D:1)
  3 ball pythons
  4 bats
  3 endoplasms (D:1)
  4 giant cockroaches
  5 goblins
  4 hobgoblins
  2 quokkas
  A frilled lizard (D:1)
  3 kobolds
  2 rats (D:1)
33 creatures vanquished.

Notes
Turn   | Place    | Note
-------+----------+-------------------------------------------
     0 | D:1      | billz999 the Octopode Earth Elementalist began the quest
                  | for the Orb.
     0 | D:1      | Reached XP level 1. HP: 11/11 MP: 3/3
    83 | D:1      | Reached skill level 3 in Stealth
   200 | D:1      | Reached XP level 2. HP: 17/17 MP: 3/5
   698 | D:1      | Reached XP level 3. HP: 21/21 MP: 2/6
   739 | D:1      | Reached skill level 4 in Stealth
  1259 | D:2      | Gained mutation: You expend magic power (3 MP) to
                  | strengthen your wands. [potion of mutation]
  1264 | D:2      | Slain by a kobold

Illustrated notes

Levels and vault maps discovered:
D:1:      dpeg_arrival_simpleton_a, layout_loops_cross
D:2:      layout_loops_ring, basic_altar, serial_bayou_lagoon_b

Skill      XL: |  1  2  3 |
---------------+----------+-----
Stealth        | 3 4 |  4.8
Transmutations | 2 |  2.0
Dodging        | |  2.0
Spellcasting   | |  2.0
Earth Magic    | |  3.0

Action                     || total
---------------------------++-------
  Melee: Unarmed           ||     8
         Tentacles         ||     4
         Constrict         ||     3
   Fire: Arbalest          ||    10
   Cast: Sandblast         ||    57
    Use: Potion            ||     2
   Stab: Sleeping          ||     1
 Armour: Skin              ||    23
  Dodge: Dodged            ||    42

Table legend: (Time is in decaauts)
 A = Elapsed time spent in this place.
 B = Non-inter-level travel time spent in this place.
 C = Inter-level travel time spent in this place.
 D = Time resting spent in this place.
 E = Time spent auto-exploring this place.
 F = Levels seen in this place.
 G = Mean time per level.
                   A        B        C        D        E       F      G
               +--------+--------+--------+--------+--------+-----+--------+
         Total |   1300 |   1219 |     81 |     91 |    906 |   2 |  650.0 |
       Dungeon |   1300 |   1219 |     81 |     91 |    906 |   2 |  650.0 |
               +--------+--------+--------+--------+--------+-----+--------+

Top non-repeatable levels by time:
     D:1: 993 daAuts
     D:2: 306 daAuts
